 Dungeon Sprint DCSS version 0.20-a0-1058-g0491fde (webtiles) character file.

109 galech the Covered (level 4, 6/45 HPs)
             Began as a Deep Dwarf Fighter on Apr 26, 2017.
             Was a Believer of Makhleb.
             Quit the game in the Dungeon (Sprint VII: "The Pits").
             The game lasted 00:01:47 (222 turns).

galech the Covered (Deep Dwarf Fighter)              Turns: 222, Time: 00:01:48

Health: 6/45       AC: 14    Str: 21    XL:     4   Next: 60%
Magic:  3/3        EV:  5    Int:  8    God:    Makhleb [**....]
Gold:   0          SH: 10    Dex: 12    Spells: 3/3 levels left

rFire    . . .     SeeInvis .   a - +0 war axe
rCold    . . .     Gourm    .   c - +0 shield
rNeg     . . .     Faith    .   s - +2 plate armour
rPois    .         Spirit   .   (no helmet)
rElec    .         Reflect  .   (no cloak)
rCorr    .         Harm     .   (no gloves)
MR       .....     NoTele   +   (no boots)
Stlth    ..........             (no amulet)
Regen    0.0/turn               (no ring)
MPRegen  0.1/turn               (no ring)

@: non-regenerating
A: damage resistance, heal wounds, sense surroundings 1, no regeneration
a: Heal Wounds, Minor Destruction, Renounce Religion


You were in the Dungeon.
You worshipped Makhleb.
Makhleb was pleased with you.
You were not hungry.

You visited 1 branch

Inventory:

Hand Weapons
 a - a +0 war axe (weapon)
Armour
 b - a +0 scale mail
 c - a +0 shield (worn)
 s - a +2 plate armour (worn)
Scrolls
 k - a scroll of blinking
 m - 3 scrolls of remove curse
 n - 5 scrolls of amnesia
 o - a scroll of summoning
Potions
 d - a potion of might
 e - 6 potions of curing
 g - 6 potions of heal wounds
 h - a potion of haste
 i - 4 potions of magic
 j - 3 potions of berserk rage
 l - 2 potions of invisibility
Comestibles
 f - 8 bread rations
 p - 40 fruits
 q - 7 meat rations
 r - 14 chunks of flesh


   Skills:
 + Level 4.4 Fighting
 + Level 5.4 Axes
 + Level 6.0 Armour
 + Level 2.5 Dodging
 + Level 5.8 Shields


You had 3 spell levels left.
You didn't know any spells.

Dungeon Overview and Level Annotations

Branches:
Dungeon (1/1)

Altars:
Ashenzari
Cheibriados
Dithmenos
Elyvilon
Fedhas
Gozag
Hepliaklqana
Kikubaaqudgha
Makhleb
Nemelex Xobeh
Okawaru
Qazlal
Ru
Sif Muna
Trog
Uskayaw
Vehumet
Wu Jian
Xom
Yredelemnul
Zin
The Shining One
Beogh
Jiyva
Lugonu

Annotations:
D Edmund, Menkaure


Innate Abilities, Weirdness & Mutations

You are resistant to damage.
You can heal yourself by infusing magical energy.
You passively map a small area around you.
You do not regenerate.


Message History

You closely miss the flying skull.
The flying skull is lightly damaged.
The flying skull hits you. x2
You miss the flying skull.
The flying skull is lightly damaged.
You block the flying skull's attack.
Edmund says, "I might not be good at magic, but I can still kill you!"
The flying skull hits you.
* * * LOW HITPOINT WARNING * * *
You closely miss the flying skull.
The flying skull is lightly damaged.
The flying skull hits you but does no damage. x2
You closely miss the flying skull.
The flying skull is lightly damaged.
You block the flying skull's attack. The flying skull hits you!
* * * LOW HITPOINT WARNING * * *
Unknown command.
Are you sure you want to abandon this character and quit the game? (Confirm with "yes".)
Okay, then.
Are you sure you want to abandon this character and quit the game? (Confirm with "yes".)

##########.##.....
#..........)'.....
#'#####'#####.....
#.#..#..#..##.....
#.#..)..#))#####'#
#.#..####))##.....
#.#..#..#))##.....
#.#..#..#.[##.....
#@##'#..#'###...<.
#z#..()....##.....
#c#..()....##.....
#S###########.....
#@r ,, ###### #M.#
*, * * #..., ,
##.## * , , .. , +


You could see Edmund, Menkaure, a centaur, a flying skull, a river rat and a
ball python.

Vanquished Creatures
  A centaur (D)
  A gnoll (D)
  A river rat (D)
  An ufetubus (D)
  A leopard gecko (D)
  A giant cockroach (D)
  2 goblins (D)
  A kobold (D)
  A leopard gecko skeleton (D)
10 creatures vanquished.

Notes
Turn   | Place    | Note
-------+----------+-------------------------------------------
     0 | D        | galech the Deep Dwarf Fighter began the quest for the Orb.
     0 | D        | Reached XP level 1. HP: 20/20 MP: 1/1
    39 | D        | Found a glowing golden altar of the Shining One.
    39 | D        | Found a glowing silver altar of Zin.
    39 | D        | Found a basalt altar of Yredelemnul.
    39 | D        | Found a shimmering altar of Xom.
    39 | D        | Found an ornate altar of the Wu Jian Council.
    39 | D        | Found a bloodstained altar of Trog.
    39 | D        | Found a deep blue altar of Sif Muna.
    39 | D        | Found a sacrificial altar of Ru.
    39 | D        | Found a stormy altar of Qazlal.
    39 | D        | Found an iron altar of Okawaru.
    39 | D        | Found a sparkling altar of Nemelex Xobeh.
    39 | D        | Found a burning altar of Makhleb.
    39 | D        | Found a viscous altar of Jiyva.
    39 | D        | Found a hazy altar of Hepliaklqana.
    39 | D        | Found an opulent altar of Gozag.
    39 | D        | Found a blossoming altar of Fedhas.
    39 | D        | Found a white marble altar of Elyvilon.
    39 | D        | Found a shadowy altar of Dithmenos.
    39 | D        | Found a snail-covered altar of Cheibriados.
    40 | D        | Found a radiant altar of Vehumet.
    40 | D        | Found a corrupted altar of Lugonu.
    40 | D        | Found a roughly hewn altar of Beogh.
    41 | D        | Found a hide-covered altar of Uskayaw.
    41 | D        | Found an ancient bone altar of Kikubaaqudgha.
    41 | D        | Found a shattered altar of Ashenzari.
    47 | D        | Became a worshipper of Makhleb the Destroyer
    72 | D        | Reached skill level 4 in Armour
    72 | D        | Reached XP level 2. HP: 15/28 MP: 2/2
    82 | D        | Reached * piety under Makhleb
   105 | D        | Reached ** piety under Makhleb
   106 | D        | Noticed a centaur
   115 | D        | Reached skill level 5 in Armour
   115 | D        | Reached skill level 1 in Dodging
   115 | D        | Reached XP level 3. HP: 36/36 MP: 2/2
   120 | D        | Killed a centaur
   120 | D        | Reached skill level 5 in Axes
   120 | D        | Reached skill level 6 in Armour
   120 | D        | Reached skill level 5 in Shields
   120 | D        | Reached XP level 4. HP: 45/45 MP: 3/3
   183 | D        | Noticed a flying skull
   184 | D        | Noticed a centaur
   184 | D        | Noticed Edmund
   206 | D        | Noticed Menkaure
   222 | D        | Quit the game

Vault maps used:
D:        pitsprint

Skill      XL: |  1  2  3 |
---------------+----------+-----
Fighting       | 3 4 |  4.4
Armour         | 4 5 6 |  6.0
Shields        | 4 5 |  5.8
Axes           | 3 5 |  5.4
Dodging        | 1 2 |  2.5

Action                   |  1- 3 |  4- 6 || total
-------------------------+-------+-------++-------
Melee: War axe           |    42 |    33 ||    75
 Abil: Heal Wounds       |     3 |     1 ||     4
Armor: Scale mail        |    22 |       ||    22
       Plate armour      |       |    23 ||    23
Dodge: Dodged            |    18 |     7 ||    25
Block: Shield            |    44 |    23 ||    67
